 Dungeon Crawl Stone Soup version 0.30-a0-782-ge64f9170bb (webtiles) character file.

Game seed: 6672818418468827529

1526 mistaj the Trooper (level 8, -1/52 HPs)
             Began as a Tengu Fighter on Feb 18, 2023.
             Was a Believer of Okawaru.
             Succumbed to a killer bee's poison
             ... on level 5 of the Dungeon.
             The game lasted 00:06:47 (4763 turns).

mistaj the Trooper (Tengu Fighter)                  Turns: 4763, Time: 00:06:48

Health: -1/52      AC: 11    Str: 19    XL:     8   Next: 85%
Magic:  9/9        EV:  8    Int:  9    God:    Okawaru [**....]
Gold:   247        SH:  5    Dex: 13    Spells: 7/7 levels left

rFire   . . .      SeeInvis .    b - +2 flail (heavy)
rCold   . . .      Faith    .    c - +0 buckler
rNeg    . . .      Spirit   .    y - +0 chain mail
rPois   +          Reflect  .    (helmet restricted)
rElec   .          Harm     .    i - +0 cloak
rCorr   .          Rampage  .    (no gloves)
Will    .....                    (boots unavailable) Stlth
                                 H - amulet of regeneration
HPRegen 1.08/turn                f - ring of poison resistance
MPRegen 0.11/turn                t - +4 ring of slaying

@: lethally poisoned (-1 -> -15), flying quickly and evasively, quick
A: beak, talons 3, nimble flight
a: Renounce Religion, Heroism


You were on level 5 of the Dungeon.
You worshipped Okawaru.
Okawaru was pleased with you.
You visited 2 branches of the dungeon, and saw 7 of its levels.

You collected 247 gold pieces.

Inventory:

Hand Weapons
 b - a +2 heavy flail (weapon)
 E - a +0 broad axe
Armour
 c - a +0 buckler (worn)
 i - a +0 cloak (worn)
 y - a +0 chain mail (worn)
Jewellery
 f - a ring of poison resistance (left hand)
 t - a +4 ring of slaying (right hand)
 x - a ring of positive energy
 A - a ring of fire
 H - an amulet of regeneration (around neck)
Wands
 v - a wand of paralysis (7)
 C - a wand of roots (11)
 F - a wand of flame (18)
Scrolls
 h - 2 scrolls of magic mapping {unknown}
 j - 3 scrolls of teleportation {unknown}
 k - 4 scrolls of enchant armour {unknown}
 l - 3 scrolls of amnesia {unknown}
 m - a scroll of brand weapon {unknown}
 n - 6 scrolls of identify {unknown}
 o - 2 scrolls of immolation {unknown}
 p - 2 scrolls of vulnerability {unknown}
 w - 2 scrolls of blinking {unknown}
 z - 2 scrolls of enchant weapon {unknown}
 G - 2 scrolls of noise {unknown}
Potions
 a - a potion of magic {unknown}
 d - a potion of might
 e - 3 potions of mutation {unknown}
 g - 4 potions of curing {unknown}
 q - 3 potions of heal wounds {unknown}
 r - a potion of haste {unknown}
 s - a potion of ambrosia {unknown}
 u - 2 potions of cancellation {unknown}
 B - a potion of lignification {unknown}
 D - a potion of brilliance {unknown}


   Skills:
 + Level 6.9 Fighting
 + Level 5.9(6.4) Axes
 - Level 3.5(5.2) Maces & Flails
 + Level 5.2 Armour
 - Level 5.7 Shields


You had 7 spell levels left.
You didn't know any spells.
Your spell library contained the following spells:

 Spells                   Type           Power      Damage    Failure   Level
 Static Discharge         Conj/Air       0%         2-2/arc   100%        2
 Vhi's Electric Charge    Tloc/Air       0%         N/A       100%        3
 Arcjolt                  Conj/Air       0%         1d10      100%        5
 Lightning Bolt           Conj/Air       0%         1d11      100%        5


Dungeon Overview and Level Annotations

Branches:
Dungeon (6/15)             Temple (1/1) D:4

Altars:
Dithmenos
Fedhas
Hepliaklqana
Kikubaaqudgha
Nemelex Xobeh
Okawaru
Qazlal
Sif Muna
Trog
Vehumet
Xom
Yredelemnul
The Shining One

Shops:
D:5 [


Innate Abilities, Weirdness & Mutations

You have a beak for a mouth.
You have claws for feet.
Your magical nature lets you fly swiftly and evasively.


Message History

You fly downwards.
The killer bee stings you.
You are poisoned.
The killer bee poisons you!
The killer bee stings you but does no damage. x2
The killer bee stings you.
You are more poisoned.
The killer bee poisons you! The killer bee barely misses you.
The killer bee stings you but does no damage. x2
The killer bee stings you. x2
There is a stone staircase leading up here.
You feel very sick. You block the killer bee's attack.
The killer bee barely misses you. The killer bee stings you. x3
You are more poisoned.
The killer bee poisons you! The killer bee barely misses you.
You fly upwards.
You feel very sick.
There is a stone staircase leading down, spattered with blood here.
You closely miss the killer bee. Your kick misses the killer bee.
You feel very sick. The killer bee stings you!
The killer bee stings you but does no damage.
You block the killer bee's attack. The killer bee stings you.
You block the killer bee's attack. The killer bee barely misses you.
The killer bee stings you.
* * * LOW HITPOINT WARNING * * *
You are more poisoned.
The killer bee poisons you! The killer bee stings you.
* * * LOW HITPOINT WARNING * * *
You are more poisoned.
The killer bee poisons you!
The killer bee stings you but does no damage.
The killer bee barely misses you. The killer bee closely misses you.
The killer bee stings you.
* * * LOW HITPOINT WARNING * * *
You are too injured to fight recklessly!
You are too injured to fight recklessly!
You are too injured to fight recklessly!
You miss the killer bee.
You die...

### ### ## #.####.####
###. #...#...y@## #...
###.....†yy# ##...
##.......## #...#
###.........## ###...#
#........(...#######.....#
#.............##..........
#.......#........########.
#.......##...##### ##
###....###.###


You could see 3 killer bees.

Vanquished Creatures
  3 black bears
  A sky beast (D:6)
  2 ogres
  A phantom (D:5)
  Blork the orc (D:5)
  A necrophage (D:6)
  2 killer bees (D:5)
  3 jellies
  3 hounds
  3 orc priests
  A gnoll bouda (D:5)
  4 iguanas
  Ijyb (D:3)
  3 orc wizards
  4 gnolls (D:5)
  4 adders
  A white imp (D:6)
  5 worms
  A dart slug (D:2)
  17 orcs
  3 ball pythons
  7 bats
  10 endoplasms
  13 goblins
  6 hobgoblins
  7 jackals
  10 kobolds
  5 quokkas
  A frilled lizard (D:1)
  6 rats
129 creatures vanquished.

Notes
Turn   | Place    | Note
-------+----------+-------------------------------------------
     0 | D:1      | mistaj the Tengu Fighter began the quest for the Orb.
     0 | D:1      | Reached XP level 1. HP: 14/14 MP: 2/2
    56 | D:1      | Reached XP level 2. HP: 19/19 MP: 3/3
   176 | D:1      | Reached XP level 3. HP: 17/23 MP: 4/4
  1268 | D:3      | Reached XP level 4. HP: 28/28 MP: 5/5
  1637 | D:3      | Reached skill level 4 in Fighting
  1637 | D:3      | Gained mutation: Your magical nature lets you fly swiftly
                  | and evasively. [Tengu growth]
  1637 | D:3      | Reached XP level 5. HP: 33/33 MP: 6/6
  1699 | D:3      | Found a sparkling altar of Nemelex Xobeh.
  1796 | D:3      | Noticed Ijyb
  1799 | D:3      | Paralysed by Ijyb for 5 turns
  1812 | D:3      | Killed Ijyb
  2054 | D:3      | Reached XP level 6. HP: 18/39 MP: 7/7
  2149 | D:4      | Found a staircase to the Ecumenical Temple.
  2166 | D:4      | Reached skill level 1 in Maces & Flails
  2213 | Temple   | Entered the Ecumenical Temple
  2323 | Temple   | Became a worshipper of Warmaster Okawaru
  2429 | D:4      | Found a blossoming altar of Fedhas.
  2565 | D:4      | Noticed a black bear
  2576 | D:4      | Killed a black bear
  2577 | D:4      | Reached skill level 5 in Fighting
  2577 | D:4      | Reached skill level 5 in Shields
  2577 | D:4      | Reached XP level 7. HP: 31/44 MP: 8/8
  3254 | D:5      | Entered Level 5 of the Dungeon
  3265 | D:5      | Found Vocs's Antique Armour Shop.
  3299 | D:5      | Reached * piety under Okawaru
  3318 | D:5      | Found an ancient bone altar of Kikubaaqudgha.
  3524 | D:5      | Noticed Blork the orc
  3530 | D:5      | Killed Blork the orc
  3531 | D:5      | Reached XP level 8. HP: 29/51 MP: 9/9
  3652 | D:5      | Reached skill level 6 in Fighting
  3964 | D:5      | Found a shimmering blue altar of Sif Muna.
  4070 | D:5      | Reached skill level 5 in Axes
  4529 | D:6      | Reached ** piety under Okawaru
  4549 | D:6      | Reached skill level 5 in Armour
  4763 | D:5      | Succumbed to a killer bee's poison

Illustrated notes

Levels and vault maps discovered:
D:1:      tekkud_arrival_beachfront_property, layout_rooms
D:2:      layout_basic
D:3:      kennysheep_the_goblin_king, layout_loops_cross,
          nemelex_dance_club_becter
D:4:      layout_loops_corners, fedhas_altar_3, minmay_temple_entry_ruins
D:5:      layout_cave_pods, lemuel_blue_sif_altar,
          mainiacjoe_overflow_small_starburst, serial_shops,
          nicolae_shop_temple_entry_statues_fountains, uniq_blork_the_orc
D:6:      layout_cave_pools, nicolae_ru_great_annihilating_truth,
          mainiacjoe_overflow_surrounded_room, uniq_eustachio
Temple:   kb_temple_of_zot

Skill      XL: |  1  2  3  4  5  6  7  8 |
---------------+-------------------------+-----
Axes           | 3 4 5 |  5.9
Fighting       | 4 5 6 |  6.9
Shields        | 4 5 |  5.7
Maces & Flails | 2 3 |  3.5
Armour         | 5 |  5.2

Action                     |  1- 3 |  4- 6 |  7- 9 || total
---------------------------+-------+-------+-------++-------
  Melee: War axe           |    64 |    50 |       ||   114
         Peck              |     6 |     8 |     8 ||    22
         Kick              |    11 |    18 |    19 ||    48
         Flail             |       |    28 |    84 ||   112
 Armour: Scale mail        |    40 |    12 |       ||    52
         Chain mail        |       |    27 |    79 ||   106
  Dodge: Dodged            |    19 |    29 |    33 ||    81
  Block: Buckler           |    17 |    24 |    32 ||    73

Table legend: (Time is in decaauts)
 A = Elapsed time spent in this place.
 B = Non-inter-level travel time spent in this place.
 C = Inter-level travel time spent in this place.
 D = Time resting spent in this place.
 E = Time spent auto-exploring this place.
 F = Levels seen in this place.
 G = Mean time per level.
                   A        B        C        D        E       F      G
               +--------+--------+--------+--------+--------+-----+--------+
         Total |   4694 |   4577 |    117 |    809 |   2823 |   7 |  670.6 |
       Dungeon |   4569 |   4477 |     92 |    809 |   2749 |   6 |  761.5 |
        Temple |    125 |    101 |     24 |      0 |     73 |   1 |  125.0 |
               +--------+--------+--------+--------+--------+-----+--------+

Top non-repeatable levels by time:
     D:5: 1188 daAuts
     D:4: 953 daAuts
     D:3: 932 daAuts
     D:2: 789 daAuts
     D:1: 425 daAuts
     D:6: 280 daAuts
  Temple: 125 daAuts
